[Event "ICCopen2017"]
[Site "Internet Chess Club"]
[Date "2017.03.26"]
[Round "3"]
[White "flashlight"]
[Black "iragefree"]
[Result "1-0"]
[ICCResult "Black checkmated"]
[WhiteElo "2035"]
[BlackElo "1648"]
[Opening "Trompowsky attack (Ruth, Opocenský opening)"]
[ECO "A45"]
[NIC "QP.07"]
[Time "19:30:02"]
[TimeControl "180+0"]

1. d4 Nf6 2. Bg5 d5 3. e3 Nbd7 4. Nf3 h6 5. Bh4 c6 6. Nbd2 g5 7. Bg3 Bg7 8.
Bd3 O-O 9. h4 g4 10. Ne5 c5 11. c3 cxd4 12. exd4 Nxe5 13. Bxe5 h5 14. Qe2 a6
15. Nf1 b5 16. Ng3 b4 17. Qe3 Ne8 18. Nxh5 f6 19. Bg3 Rf7 20. O-O bxc3 21.
bxc3 Nd6 22. Nxg7 Kxg7 23. Qf4 Qh8 24. Rfe1 Qh6 25. Qxh6+ Kxh6 26. Re2 Bf5
27. Bf4+ Kg6 28. Bxf5+ Nxf5 29. g3 Rc8 30. Bd2 e5 31. dxe5 fxe5 32. Rxe5
Rcf8 33. Bf4 Nh6 34. Rg5+ Kh7 35. Rh5 Rxf4 36. gxf4 Rxf4 37. Rxd5 Kg6 38.
Re1 Nf5 39. Re6+ Kh5 40. Rf6 Kxh4 41. Rfxf5 Rxf5 42. Rxf5 g3 43. Ra5 Kg4 44.
fxg3 Kxg3 45. Rxa6 Kf4 46. c4 Ke3 47. c5 Kd4 48. Rd6+ Kc4 49. c6 Kb5 50. c7
Kc5 51. c8=Q+ Kxd6 52. a4 Ke5 53. a5 Ke4 54. a6 Ke5 55. a7 Kd4 56. a8=Q Ke5
57. Qac6 Kd4 58. Q8d7+ Ke3 59. Qce6+ Kf4 60. Qdf7+ Kg3 61. Qeg6+ Kh4 62.
Qfh7# {Black checkmated} 1-0

[Event "ICCopen2017"]
[Site "Internet Chess Club"]
[Date "2017.03.26"]
[Round "3"]
[White "Filiron"]
[Black "erebuni2750"]
[Result "1-0"]
[ICCResult "Black forfeits on time"]
[WhiteElo "1853"]
[BlackElo "2517"]
[Opening "KP: Nimzovich defense"]
[ECO "B00"]
[NIC "VO.05"]
[Time "19:30:47"]
[TimeControl "180+0"]

1. e4 Nc6 2. Nf3 d6 3. Bc4 Nf6 4. d3 Bg4 5. Nbd2 e6 6. h3 Bh5 7. g4 Bg6 8.
Bb5 Nd7 9. Bxc6 bxc6 10. Nd4 c5 11. Ne2 e5 12. Nc4 f6 13. f4 Bf7 14. Ne3 c6
15. f5 d5 16. c4 Nb6 17. b3 a5 18. a4 d4 19. Ng2 Nd7 20. Nh4 Be7 21. Nf3 Rb8
22. Rb1 Rb7 23. Bd2 Nb8 24. Rg1 g5 25. h4 h6 26. Rh1 Kd7 27. Kf2 Na6 28.
hxg5 hxg5 29. Rxh8 Qxh8 30. Bxa5 Nb4 31. Bxb4 Rxb4 32. Kg2 Rb8 33. Nd2 Bd8
34. Nf3 Ba5 35. Ng3 Qg7 36. Qc2 Rh8 37. Rh1 Rxh1 38. Nxh1 Qh8 39. Ng3 Ke7
40. Nf1 Qb8 41. Ng3 Kf8 42. Ne2 Qb4 43. Ng3 Qc3 44. Qxc3 Bxc3 45. Ne2 Ba5
46. Kf2 Ke7 47. Ne1 Be8 48. Nc2 Kd6 49. Ng3 Bf7 50. Nh5 Ke7 51. Ng3 Kd6 52.
Ne2 Kc7 53. Nc1 Kb6 54. Na2 Bd2 55. Ke2 Ba5 56. Nc1 Kc7 57. Kd1 Kd6 58. Na2
Be8 59. b4 cxb4 60. Naxb4 Bxb4 61. Nxb4 Kc5 62. Nc2 Kb6 63. Kc1 c5 64. Kb2
Ka5 65. Ka3 Bxa4 66. Na1 Bd1 67. Kb2 Kb4 68. Kc1 Ba4 69. Kb2 Bd1 70. Kc1
Bxg4 71. Kd2 Ka3 72. Nc2+ Kb2 73. Ne1 Bh5 74. Ng2 Bf7 75. Ne1 Be8 76. Nf3
Bh5 77. Nh2 Kb1 78. Nf1 Kb2 79. Ng3 {Black forfeits on time} 1-0

[Event "ICCopen2017"]
[Site "Internet Chess Club"]
[Date "2017.03.26"]
[Round "3"]
[White "vishweshk"]
[Black "CristianS"]
[Result "0-1"]
[ICCResult "White checkmated"]
[WhiteElo "1788"]
[BlackElo "2086"]
[Opening "Queen's pawn game"]
[ECO "A45"]
[NIC "QP.07"]
[Time "19:30:33"]
[TimeControl "180+0"]

1. d4 Nf6 2. e3 g6 3. Bd3 Bg7 4. Nf3 O-O 5. O-O c5 6. c3 d6 7. Nbd2 Nc6 8.
Re1 e5 9. d5 Nxd5 10. e4 Nf4 11. Bf1 Bg4 12. c4 Nd4 13. b3 f5 14. Bb2 fxe4
15. Nxe4 Nxf3+ 16. gxf3 Bf5 17. Qxd6 Qh4 18. Bxe5 Rad8 19. Qxc5 Ne6 20. Qb5
a6 21. Qa5 Bxe4 22. Rxe4 Qg5+ 23. Kh1 Rf5 24. Rae1 Rxf3 25. Bg2 Rxf2 26. Rg1
Rd1 27. Bg3 Rxg1+ 28. Kxg1 Rxg2+ 29. Kxg2 Qxa5 30. Rxe6 Qd2+ 31. Kg1 Qd1+
32. Kg2 Qd2+ 33. Kg1 Bd4+ 34. Kf1 Kf7 35. Re1 Qxa2 36. Re2 Qxb3 37. Kg2 Qxc4
38. Re4 Qd5 39. Kf3 a5 40. Bf4 a4 41. h4 a3 42. h5 a2 43. hxg6+ hxg6 44. Be3
a1=Q 45. Kf4 Bxe3+ 46. Kxe3 Qc3+ 47. Kf4 Qf5# {White checkmated} 0-1

[Event "ICCopen2017"]
[Site "Internet Chess Club"]
[Date "2017.03.26"]
[Round "3"]
[White "gannikus1992"]
[Black "pagoda"]
[Result "1-0"]
[ICCResult "Black forfeits on time"]
[WhiteElo "2364"]
[BlackElo "1771"]
[Opening "QGD: Chigorin defense"]
[ECO "D07"]
[NIC "QP.08"]
[Time "19:31:15"]
[TimeControl "180+0"]

1. d4 d5 2. c4 Nc6 3. e3 e5 4. dxe5 d4 5. exd4 Qxd4 6. Qxd4 Nxd4 7. Bd3 Be6
8. Nc3 O-O-O 9. Be3 Ne7 10. O-O-O Nef5 11. Bxd4 Nxd4 12. Nge2 Nc6 13. f4 Nb4
14. Be4 Bc5 15. a3 Nc6 16. Nd5 f6 17. b4 Bf8 18. exf6 gxf6 19. f5 Bf7 20.
Kc2 Bh5 21. Nef4 Bxd1+ 22. Rxd1 Ne5 23. Ne6 Re8 24. Ndxc7 Ng4 25. Kb3 Bh6
26. Nxe8 Rxe8 27. Nc5 b6 28. Ne6 Ne3 29. Re1 Ng4 30. h3 Ne5 31. g4 Bg5 32.
Nxg5 fxg5 33. Bd5 Kd8 34. Be6 {Black forfeits on time} 1-0

[Event "ICCopen2017"]
[Site "Internet Chess Club"]
[Date "2017.03.26"]
[Round "3"]
[White "TrendFriend"]
[Black "Sebs"]
[Result "1-0"]
[ICCResult "Black forfeits on time"]
[WhiteElo "2447"]
[BlackElo "2966"]
[Opening "French: Tarrasch, Haberditz variation"]
[ECO "C03"]
[NIC "FR.14"]
[Time "19:30:32"]
[TimeControl "180+0"]

1. e4 e6 2. d4 d5 3. Nd2 f5 4. exf5 exf5 5. Bd3 Nf6 6. Ne2 Bd6 7. O-O O-O 8.
Nf3 c5 9. c3 Nc6 10. Bf4 Ne4 11. Bxd6 Qxd6 12. dxc5 Qxc5 13. Ned4 Bd7 14.
Re1 Rae8 15. Qc2 g6 16. Rad1 a5 17. a4 Rc8 18. Nb5 Be6 19. Nfd4 Bf7 20. f3
Ng5 21. Kh1 Qb6 22. Qd2 Nxd4 23. Nxd4 Ne6 24. Nxe6 Bxe6 25. Bb5 Bf7 26. Qd4
Qc7 27. Re5 Rcd8 28. Rde1 Qd6 29. h3 b6 30. Re7 Rc8 31. Rd7 Qg3 32. Qe5 Qf2
33. Qe2 Qc5 34. Qe7 Rce8 35. Qxc5 Rxe1+ 36. Qg1 Rxg1+ 37. Kxg1 Rb8 38. Kf2
Be6 39. Re7 Bf7 40. Ke3 Kf8 41. Rc7 g5 42. Kd4 h6 43. Ke5 Rd8 44. Bd7 f4 45.
Kf6 Bg8 46. Kg6 Ke7 47. Bb5+ Kd6 48. Rc6+ Ke5 49. Kxh6 Be6 50. Kxg5 Rg8+ 51.
Kh6 Rxg2 52. Rxb6 Rh2 53. Kg7 Rxh3 54. Bc6 Rxf3 55. Kf8 Rg3 56. Ke7 f3 57.
Bb5 Rg7+ 58. Kf8 Rf7+ 59. Ke8 f2 60. Be2 f1=Q 61. Bxf1 Rxf1 62. Kd8 Rb1 63.
Kc7 Kf5 64. Rb5 Ke5 65. Kb6 Bf5 66. Kxa5 Bd3 67. Rb8 Bc4 68. Re8+ Kd6 69. b4
Kc6 70. Rd8 Kc7 71. Rf8 Kc6 72. Rf7 Kd6 73. Rf6+ Ke5 74. Rh6 Ke4 75. Rh5 Kd3
76. Rh3+ Kc2 77. b5 Bb3 78. Kb6 Ra1 79. Rh2+ Kxc3 80. Kc5 Bxa4 81. Rh3+ Kb2
82. Kd6 Bb3 83. Rh2+ Ka3 84. Rg2 Kb4 85. Rg3 Rc1 86. Rxb3+
{Black forfeits on time}
1-0

[Event "ICCopen2017"]
[Site "Internet Chess Club"]
[Date "2017.03.26"]
[Round "3"]
[White "ComeonJimtal"]
[Black "bumper10"]
[Result "0-1"]
[ICCResult "White forfeits on time"]
[WhiteElo "1772"]
[BlackElo "2191"]
[Opening "Sicilian: wing gambit"]
[ECO "B20"]
[NIC "SI.48"]
[Time "19:30:43"]
[TimeControl "180+0"]

1. e4 c5 2. b4 d6 3. b5 Nf6 4. d3 g6 5. Bb2 Bg7 6. Nd2 O-O 7. Be2 d5 8. e5
Nfd7 9. f4 f6 10. Ngf3 fxe5 11. fxe5 Qc7 12. O-O Nxe5 13. Nxe5 Rxf1+ 14.
Qxf1 Bxe5 15. Bxe5 Qxe5 16. Nf3 Qe3+ 17. Kh1 Nd7 18. Re1 Nf6 19. Bd1 Qc1 20.
Rxe7 Bf5 21. Rxb7 Ng4 22. h3 Ne3 23. Qe2 Qxd1+ 24. Qxd1 Nxd1 25. Rc7 Ne3 26.
Rxc5 Rf8 27. Rc7 Rf7 28. Rc5 Re7 29. c4 dxc4 30. dxc4 Bd3 31. Rc8+ Kg7 32.
a4 Bxc4 33. Nd4 Bd5 34. a5 Bxg2+ 35. Kh2 Be4 36. b6 axb6 37. axb6 Rb7 38.
Rc7+ Rxc7 39. bxc7 Bb7 40. Nb5 Nf5 41. Na7 Ne7 42. Kg3 Kf6 43. Kf4 Nc8 44.
Nb5 Bc6 45. Nd4 Bd7 46. h4 h6 47. Ke4 Ne7 48. Kd3 Ke5 49. Kc4 Kd6 50. Nf3
Kxc7 51. Kd4 Kd6 52. Ne5 Nc6+ 53. Nxc6 Bxc6 54. Ke3 Ke6 55. Kf4 Kf6 56. Kg4
Bd7+ 57. Kf4 g5+ 58. Kg3 Kf5 59. Kh3 Kf4+ 60. Kh2 g4 61. Kg2 g3 62. Kg1 Kg4
{White forfeits on time}
0-1

[Event "ICCopen2017"]
[Site "Internet Chess Club"]
[Date "2017.03.26"]
[Round "3"]
[White "Realboy"]
[Black "Unico"]
[Result "1-0"]
[ICCResult "Black checkmated"]
[WhiteElo "3002"]
[BlackElo "2437"]
[Opening "Caro-Kann: anti-anti-Caro-Kann defense"]
[ECO "B10"]
[NIC "CK.01"]
[Time "19:30:43"]
[TimeControl "180+0"]

1. e4 c6 2. c4 d5 3. cxd5 cxd5 4. exd5 Nf6 5. Bb5+ Nbd7 6. Nc3 g6 7. d4 Bg7
8. d6 O-O 9. dxe7 Qxe7+ 10. Nge2 a6 11. Bd3 b5 12. O-O Bb7 13. Re1 Rfd8 14.
Bf4 Nh5 15. Ng3 Qh4 16. Nxh5 gxh5 17. Bc7 Re8 18. Bg3 Qxd4 19. Be4 Bxe4 20.
Qxd4 Bxd4 21. Nxe4 Bxb2 22. Rad1 Nf6 23. Nd6 Rxe1+ 24. Rxe1 Nd5 25. Nf5 Bf6
26. Re2 Nc3 27. Rc2 b4 28. Bd6 a5 29. h3 Rc8 30. Be5 Rc6 31. f4 Kf8 32. Bd6+
Ke8 33. g4 hxg4 34. hxg4 Kd7 35. Bf8 Rc4 36. Bd6 Rc6 37. Bb8 Rc8 38. Ba7 Rc4
39. Be3 Bd8 40. Rd2+ Kc8 41. Nd6+ Kc7 42. Nxc4 Ne4 43. Bb6+ Kc6 44. Rxd8 b3
45. axb3 Kb5 46. Bxa5 Nf6 47. Rb8+ Kc5 48. Bb4+ Kd4 49. Rd8+ Ke4 50. Nd6+
Kxf4 51. Nxf7 Nxg4 52. Rd4+ Kg3 53. Rxg4+ Kxg4 54. Bd6 h5 55. b4 Kf5 56. b5
Ke6 57. b6 Kd7 58. b7 h4 59. b8=Q h3 60. Qc7+ Ke6 61. Kh2 Kf5 62. Qe7 Kg4
63. Qe4+ Kh5 64. Qf5+ Kh4 65. Be7# {Black checkmated} 1-0

[Event "ICCopen2017"]
[Site "Internet Chess Club"]
[Date "2017.03.26"]
[Round "3"]
[White "Discoverchess"]
[Black "JJ12"]
[Result "0-1"]
[ICCResult "White forfeits on time"]
[WhiteElo "2752"]
[BlackElo "2383"]
[Opening "Catalan: closed, 7.Qc2"]
[ECO "E08"]
[NIC "CA.04"]
[Time "19:30:29"]
[TimeControl "180+0"]

1. Nf3 Nf6 2. c4 e6 3. g3 d5 4. Bg2 Be7 5. d4 O-O 6. Qc2 Nbd7 7. O-O b6 8.
b3 Bb7 9. Bb2 Rc8 10. Nc3 c5 11. Rfd1 Qc7 12. cxd5 Nxd5 13. Nxd5 Bxd5 14. e4
Bb7 15. d5 exd5 16. exd5 Bf6 17. d6 Qb8 18. Rd2 Rcd8 19. Rad1 Bxb2 20. Qxb2
Bxf3 21. Bxf3 Nf6 22. b4 cxb4 23. Qxb4 Qc8 24. d7 Rxd7 25. Rxd7 Nxd7 26. Bd5
Nc5 27. Bc4 Kh8 28. Qe1 Kg8 29. Qd2 Re8 30. Qf4 Qb7 31. h4 h6 32. Bd5 Qe7
33. h5 Qf6 34. Qc7 Qe7 35. Qf4 Ne6 36. Qf3 Ng5 37. Qg4 Kh8 38. Bc6 Rd8 39.
Rd4 Rxd4 40. Qxd4 Kg8 41. Bg2 Ne6 42. Qe5 Qc7 43. Qd5 Qd8 44. Qb7 Qc7 45.
Qa8+ Nf8 46. Be4 Qe5 47. Kg2 Qxh5 48. Qxa7 Qe5 49. Bf3 Qe6 50. a4 Qf6 51.
Qb8 Qe6 52. Qb7 Qf6 53. Bd5 g6 54. Bf3 Kg7 55. Qc7 h5 56. Qc4 h4 57. gxh4
Qf5 58. Qg4 Qf6 59. h5 Ne6 60. h6+ Kh7 61. Qg3 Nf4+ 62. Kh2 g5 63. Qg4 Qxh6+
64. Kg1 Qg6 65. Qg3 Kg7 66. Be4 Qf6 67. Bf5 Qg6 68. Qg4 Qf6 69. Qxg5+ Qxg5+
70. Kf1 Qxf5 71. Ke1 Qe4+ 72. Kd2 Qd3+ 73. Kc1 Ne2+ 74. Kb2 Qc3+ 75. Ka2 Nd4
76. Kb1 Qb3+ 77. Kc1 Nc2 78. Kd2 Qc3+ 79. Ke2 Na3 80. Kf1 Nc4 81. Kg2 Qb4
82. Kg1 Qa5 83. Kh2 Qxa4 {White forfeits on time} 0-1

[Event "ICCopen2017"]
[Site "Internet Chess Club"]
[Date "2017.03.26"]
[Round "3"]
[White "Cubitas"]
[Black "kamalchandran"]
[Result "1-0"]
[ICCResult "Black resigns"]
[WhiteElo "2453"]
[BlackElo "1792"]
[Opening "Giuoco Pianissimo: Italian four knights variation"]
[ECO "C50"]
[NIC "IG.02"]
[Time "19:30:51"]
[TimeControl "180+0"]

1. e4 e5 2. Nf3 Nc6 3. Bc4 Bc5 4. Nc3 Nf6 5. d3 d6 6. O-O h6 7. Be3 Bb6 8.
h3 O-O 9. Qd2 Be6 10. Bb3 d5 11. exd5 Nxd5 12. Bxb6 axb6 13. Rfe1 Qd6 14.
Ne4 Qd7 15. Ng3 f6 16. c3 Nf4 17. d4 Bxb3 18. axb3 Rxa1 19. Rxa1 Rd8 20. Rd1
Qf7 21. Qc2 exd4 22. cxd4 Nb4 23. Qe4 Nbd5 24. Re1 Qg6 25. Qxg6 Nxg6 26. Nf5
Kf7 27. g3 Nge7 28. Ne3 Nxe3 29. fxe3 Nf5 30. Kf2 Re8 31. e4 Nd6 32. e5 Nf5
33. g4 Ne7 34. Ke3 Nd5+ 35. Ke4 c6 36. Kf5 g6+ 37. Ke4 Ke6 38. Ra1 f5+ 39.
gxf5+ gxf5+ 40. Kd3 Nf4+ 41. Ke3 Nxh3 42. Rh1 f4+ 43. Ke2 Ng5 44. Rxh6+ Kf5
45. Rh5 Rg8 46. Rxg5+ Rxg5 47. Nxg5 Kxg5 48. Kf2 c5 49. d5 Kf5 50. d6 Ke6
51. Kf3 b5 52. Kxf4 c4 53. bxc4 bxc4 54. Ke4 b5 55. Kd4 Kd7 56. Kc5 Ke6 57.
Kxb5 c3 58. bxc3 Kxe5 59. d7 {Black resigns} 1-0

[Event "ICCopen2017"]
[Site "Internet Chess Club"]
[Date "2017.03.26"]
[Round "3"]
[White "Ricardov"]
[Black "yozhik"]
[Result "0-1"]
[ICCResult "White forfeits on time"]
[WhiteElo "2188"]
[BlackElo "2719"]
[Opening "Sicilian: Sozin, 7.Be3"]
[ECO "B89"]
[NIC "SI.26"]
[Time "19:30:25"]
[TimeControl "180+0"]

1. e4 c5 2. Nf3 d6 3. d4 cxd4 4. Nxd4 Nf6 5. Nc3 Nc6 6. Bc4 e6 7. Be3 a6 8.
Qe2 Qc7 9. O-O-O Be7 10. Rhg1 Na5 11. Bd3 b5 12. a3 Bb7 13. g4 Rc8 14. g5
Nd7 15. f4 Nc4 16. Bxc4 Qxc4 17. Qh5 g6 18. Qe2 Qxe2 19. Ndxe2 Rc4 20. Rd4
Rxd4 21. Bxd4 O-O 22. f5 exf5 23. exf5 gxf5 24. Ng3 Bxg5+ 25. Kb1 f6 26.
Nxf5 Ne5 27. h4 Nf3 28. Rg3 Nxd4 29. Nxd4 h6 30. hxg5 hxg5 31. Ne6 Re8 32.
Nf4 Kf7 33. Nfd5 Re5 34. Rd3 f5 35. b4 f4 36. a4 bxa4 37. Nb6 f3 38. Ncd5
Bxd5 39. Nxd5 f2 40. Rf3+ Ke6 41. Rxf2 Kxd5 42. Kb2 Kc4 43. Rd2 d5 44. c3
Re4 45. Kc2 d4 46. cxd4 Rxd4 47. Rg2 g4 48. Rg3 Kxb4 49. Rg1 a3 50. Rb1+ Kc4
51. Ra1 Rf4 52. Rxa3 Rf2+ 53. Kd1 Rg2 54. Ke1 Kd4 55. Rxa6 Ke3 56. Kf1 Rb2
57. Re6+ Kf3 58. Kg1 Kg3 59. Re3+ Kh4 60. Rc3 g3 61. Rc8 Rb1+ 62. Kg2 Rb2+
63. Kf3 Rf2+ 64. Ke3 Rf5 65. Rh8+ Kg4 66. Rg8+ Rg5 67. Rh8 Kf5 68. Rh2 g2
{White forfeits on time}
0-1

[Event "ICCopen2017"]
[Site "Internet Chess Club"]
[Date "2017.03.26"]
[Round "3"]
[White "ural"]
[Black "Wage-slave"]
[Result "1-0"]
[ICCResult "Black checkmated"]
[WhiteElo "2351"]
[BlackElo "1764"]
[Opening "French: Chigorin variation"]
[ECO "C00"]
[NIC "FR.01"]
[Time "19:31:50"]
[TimeControl "180+0"]

1. e4 e6 2. Qe2 c5 3. b3 d6 4. Bb2 Nd7 5. f4 Qc7 6. Nc3 a6 7. O-O-O b6 8.
Nf3 Bb7 9. g4 h6 10. h4 O-O-O 11. Bh3 Kb8 12. g5 Ne7 13. gxh6 Rxh6 14. Ng5
Rxh4 15. Nxf7 Rxh3 16. Rxh3 Re8 17. Rh8 Nc6 18. Rdh1 Nf6 19. Ng5 Nd4 20. Qe1
Be7 21. Rxe8+ Nxe8 22. Rh8 Qd7 23. Ne2 e5 24. Nxd4 cxd4 25. Nf3 Bf6 26. fxe5
dxe5 27. c3 Qc6 28. d3 Ka7 29. Kb1 dxc3 30. Qxc3 Qe6 31. Nxe5 Nd6 32. Nc6+
Bxc6 33. Qxc6 Bxb2 34. Ra8# {Black checkmated} 1-0

[Event "ICCopen2017"]
[Site "Internet Chess Club"]
[Date "2017.03.26"]
[Round "3"]
[White "Butters"]
[Black "GreyWarden"]
[Result "1-0"]
[ICCResult "Black forfeits on time"]
[WhiteElo "2501"]
[BlackElo "2009"]
[Opening "Pirc: 150 attack"]
[ECO "B07"]
[NIC "PU.07"]
[Time "19:30:49"]
[TimeControl "180+0"]

1. d4 Nf6 2. Nc3 g6 3. e4 d6 4. Be3 c6 5. Qd2 b5 6. f3 Bb7 7. h4 h5 8. Nh3
Nbd7 9. Ng5 Qc7 10. a4 b4 11. Nd1 a5 12. Bc4 d5 13. Bb3 Bg7 14. e5 Nxe5 15.
dxe5 Qxe5 16. O-O O-O 17. Re1 Qd6 18. Bf4 Qc5+ 19. Qf2 Qxf2+ 20. Nxf2 Rfe8
21. Nd3 Nd7 22. Be3 e5 23. Nc5 Nxc5 24. Bxc5 Bc8 25. Rad1 f6 26. Ne4 Be6 27.
Nf2 Kh7 28. Nd3 d4 29. Bxe6 Rxe6 30. b3 f5 31. Bxd4 Rae8 32. Bb6 e4 33. Nf4
Re5 34. Bd4 R5e7 35. Bxg7 Kxg7 36. Rd6 exf3 37. Rxe7+ Rxe7 38. gxf3 Re3 39.
Kf2 Rc3 40. Rd2 Kf6 41. Nd3 g5 42. hxg5+ Kxg5 43. Ke3 h4 44. Rg2+ Kh5 45.
Kf4 h3 46. Rh2 Kh4 47. Nf2 Kh5 48. Rxh3+ Kg6 49. Rg3+ Kf6 50. Rg5 Rxc2 51.
Rxf5+ Ke6 52. Re5+ Kd6 53. Ne4+ Kc7 54. Rxa5 Kb6 55. Rc5 Rb2 56. Rc4 Rxb3
57. Kg4 Ra3 58. Rd4 Rxa4 59. Rd1 Kb5 60. Rb1 b3 61. Kg3 Rb4 62. Nc3+
{Black forfeits on time}
1-0

[Event "ICCopen2017"]
[Site "Internet Chess Club"]
[Date "2017.03.26"]
[Round "3"]
[White "kaimann"]
[Black "fisherino"]
[Result "1-0"]
[ICCResult "Black forfeits on time"]
[WhiteElo "1949"]
[BlackElo "1583"]
[Opening "Benko's opening"]
[ECO "A00"]
[NIC "VO.09"]
[Time "19:30:48"]
[TimeControl "180+0"]

1. g3 g6 2. Bg2 Bg7 3. e4 d6 4. d4 Nf6 5. Ne2 O-O 6. O-O e5 7. c3 Bg4 8. h3
Bd7 9. Kh2 Nc6 10. Be3 Ne8 11. Qd2 f5 12. Bh6 f4 13. Bxg7 fxg3+ 14. fxg3
Rxf1 15. Bxf1 Kxg7 16. Na3 Qf6 17. Bg2 Qe7 18. Rf1 Nf6 19. d5 Nd8 20. c4 Nf7
21. Qe3 Rf8 22. Qxa7 Ng5 23. Nc3 Nh5 24. Rf2 Rxf2 25. Qxf2 Nf6 26. Qe3 Qf7
27. Qxg5 h6 28. Qe3 g5 29. Nab5 g4 30. h4 Nh5 31. Nxc7 Bc8 32. Ne6+ Bxe6 33.
dxe6 Qxe6 34. b3 Nf6 35. Nd5 Nxd5 36. cxd5 Qf6 37. Kg1 h5 38. Qf2 Qh6 39.
Qf5 Qc1+ 40. Kh2 Qe3 41. Qxh5 Qf2 42. Qxg4+ Kf6 43. Qf5+ Qxf5 44. exf5 Kxf5
45. Bh3+ Ke4 46. h5 {Black forfeits on time} 1-0

[Event "ICCopen2017"]
[Site "Internet Chess Club"]
[Date "2017.03.26"]
[Round "3"]
[White "shredded"]
[Black "arnav311004"]
[Result "0-1"]
[ICCResult "White forfeits on time"]
[WhiteElo "2709"]
[BlackElo "1678"]
[Opening "King's Indian: fianchetto, Yugoslav, 7.O-O"]
[ECO "E65"]
[NIC "KI.69"]
[Time "19:30:49"]
[TimeControl "180+0"]

1. Nf3 Nf6 2. g3 g6 3. Bg2 Bg7 4. O-O d6 5. d4 O-O 6. c4 c5 7. Nc3 Nc6 8. e3
a6 9. h3 Qc7 10. b3 b6 11. Bb2 Bb7 12. d5 Na5 13. e4 Nxe4 14. Qc2 Nf6 15.
Rfe1 Rfe8 16. Rad1 Rab8 17. Re2 Ba8 18. a4 Bb7 19. Rde1 Bc8 20. g4 e6 21. g5
Nh5 22. Ne4 e5 23. Nxd6 Qxd6 24. Nxe5 Bf5 25. Qc3 Re7 26. Ng4 Bxg4 27. Rxe7
Bxc3 28. Re8+ Qf8 29. Rxf8+ Kxf8 30. Bxc3 Bf5 31. Bf1 Nb7 32. b4 Rc8 33. a5
Nf4 34. axb6 Nd3 35. Bxd3 Bxd3 36. bxc5 Nxc5 37. Bb4 Kg8 38. Bxc5 Bxc4 39.
b7 Rb8 40. d6 Be6 41. Rxe6 fxe6 42. d7 Kf7 43. Bd6 Rd8 44. b8=Q Rxb8 45.
Bxb8 Ke7 46. f4 Kxd7 47. Be5 Kc6 48. Kf2 Kd5 49. Ke3 Kc4 50. Kd2 Kd5 51. Kc1
Ke4 52. Kb2 Kf3 53. Ka3 Kg3 54. Ka4 Kxh3 55. f5 exf5 56. Bf4 Kg4 57. Bd2 f4
58. Ka5 f3 59. Kxa6 Kg3 60. Kb5 f2 61. Kc5 f1=Q 62. Kd4 Qf5 63. Be3 Kg4 64.
Kc3 Qxg5 65. Kd2 Qe5 66. Bf2 h5 67. Be3 Qf4 68. Ke1 Qxe3+
{White forfeits on time}
0-1

[Event "ICCopen2017"]
[Site "Internet Chess Club"]
[Date "2017.03.26"]
[Round "3"]
[White "Speiretti"]
[Black "Fighterman"]
[Result "0-1"]
[ICCResult "White forfeits on time"]
[WhiteElo "1906"]
[BlackElo "2461"]
[Opening "Grünfeld: Russian variation with e4"]
[ECO "D97"]
[NIC "GI.03"]
[Time "19:30:31"]
[TimeControl "180+0"]

1. d4 Nf6 2. c4 g6 3. Nc3 d5 4. Qb3 dxc4 5. Qxc4 Bg7 6. e4 O-O 7. Nf3 Be6 8.
d5 Bc8 9. Bf4 c6 10. Rd1 cxd5 11. Nxd5 Nxd5 12. Rxd5 Qe8 13. b3 Be6 14. Be2
Bxd5 15. exd5 Nd7 16. O-O Nb6 17. Qe4 Qd7 18. Rd1 Rac8 19. a4 Rc5 20. d6 e6
21. Bb5 Rxb5 22. axb5 Qxb5 23. Qxb7 Qxb3 24. Rc1 Qb4 25. Bg3 Qb2 26. Rd1 Qc2
27. Re1 Bc3 28. Rf1 Qa4 29. h3 Qd7 30. Qxd7 Nxd7 31. Rc1 Ba5 32. Bh4 f6 33.
Nd4 Kf7 34. Nc6 Bb6 35. Ra1 Ra8 36. Kf1 e5 37. Bg3 Ke6 38. f4 Kxd6 39. Nb4
Rc8 40. Rd1+ Ke6 41. Nd5 Rc2 42. Nb4 Rc3 43. Be1 Rc4 44. Nd3 e4 45. Nb2 Rd4
46. Rb1 e3 47. Nd1 Rxf4+ 48. Ke2 Re4 49. Bg3 Rc4 50. Nxe3 Re4 51. Bf2 Ne5
52. Rb3 Nc4 53. Kf3 Nd2+ 54. Ke2 Nxb3 55. Kf3 Rxe3+ 56. Bxe3 Bxe3 57. Kxe3
a5 58. Kd3 a4 59. Kc3 Nc5 60. g3 Ke5 61. h4 Ne4+ 62. Kb4 Nxg3 63. h5 Nxh5
64. Kxa4 g5 65. Kb3 g4 66. Kc2 g3 67. Kd2 g2 68. Ke2 g1=Q 69. Kf3 Qg3+ 70.
Ke2 Nf4+ 71. Kd2 Qg2+ 72. Kc3 Qe2 73. Kb4 Qd3 74. Kc5 Qd5+ 75. Kb6 Ne6 76.
Ka7 Qc5+ 77. Kb8 Qe7 78. Ka8 Nd4 {White forfeits on time} 0-1

[Event "ICCopen2017"]
[Site "Internet Chess Club"]
[Date "2017.03.26"]
[Round "3"]
[White "lexa"]
[Black "jps7"]
[Result "1-0"]
[ICCResult "Black forfeits on time"]
[WhiteElo "1946"]
[BlackElo "1545"]
[Opening "French: advance, Euwe variation"]
[ECO "C02"]
[NIC "FR.03"]
[Time "19:30:32"]
[TimeControl "180+0"]

1. e4 e6 2. d4 d5 3. e5 c5 4. c3 Nc6 5. Nf3 Bd7 6. Be2 Qb6 7. O-O cxd4 8.
cxd4 Nge7 9. Na3 Nf5 10. Nc2 Rc8 11. a3 a6 12. b4 Na7 13. Ne3 g6 14. Nxf5
gxf5 15. Be3 Rg8 16. Kh1 Nb5 17. Qd2 Nc3 18. Rfc1 Ne4 19. Qb2 f4 20. Bxf4
Nxf2+ 21. Kg1 Nh3+ 22. Kh1 Nxf4 23. Bf1 Bb5 24. g3 Bxf1 25. Rxf1 Nd3 26. Qd2
Qb5 27. a4 Qc4 28. Qe3 Nxb4 29. Rac1 Nc2 30. Qd2 Qb3 31. Rf2 Bb4 32. Qe2 Ke7
33. Rxc2 Rxc2 34. Qxc2 Qxc2 35. Rxc2 Rg4 36. Rc7+ Kd8 37. Rxb7 Be7 38. Kg2
Re4 39. h4 Re2+ 40. Kh3 Re3 41. Kg4 Ra3 42. Ng5 Bxg5 43. hxg5 Rxa4 44. Rxf7
Rxd4+ 45. Kh5 a5 46. Rxh7 a4 47. Rh8+ Kc7 48. Ra8 Kb7 49. g6 Kxa8 50. g7 Rc4
51. Kh6 Rc8 52. Kh7 a3 53. g4 a2 54. g5 a1=Q 55. g8=Q Rxg8 56. Kxg8
{Black forfeits on time}
1-0

[Event "ICCopen2017"]
[Site "Internet Chess Club"]
[Date "2017.03.26"]
[Round "3"]
[White "TricksOnly"]
[Black "aplusk"]
[Result "1-0"]
[ICCResult "Black forfeits on time"]
[WhiteElo "2258"]
[BlackElo "2742"]
[Opening "Four knights: Gunsberg variation"]
[ECO "C47"]
[NIC "KP.06"]
[Time "19:30:08"]
[TimeControl "180+0"]

1. e4 e5 2. Nf3 Nc6 3. Nc3 Nf6 4. a3 g6 5. d4 exd4 6. Nxd4 Bg7 7. Bg5 O-O 8.
Be2 Nxd4 9. Qxd4 Nxe4 10. Qxg7+ Kxg7 11. Bxd8 Nxc3 12. Bxc7 Nxe2 13. Kxe2 d5
14. Be5+ f6 15. Bd4 Bf5 16. Kd2 Rac8 17. c3 a6 18. a4 Kf7 19. f3 h5 20. h4
Bd7 21. Rhe1 Rg8 22. Ra3 g5 23. hxg5 Rxg5 24. Re2 Rcg8 25. b4 Rxg2 26. Rxg2
Rxg2+ 27. Ke3 h4 28. Ra1 h3 29. Rh1 Kg6 30. Bc5 Rc2 31. Bd4 Kh5 32. Bxf6 Ra2
33. a5 Rg2 34. Kf4 Kg6 35. Be5 Bf5 36. Ke3 Kg5 37. Bd6 Be6 38. Be7+ Kg6 39.
Bd6 Kf7 40. Be5 Ke8 41. Bd4 Kd7 42. Kf4 Kd6 43. Be5+ Kc6 44. Bd4 Kb5 45. Ke5
Re2+ 46. Kf4 Kc4 47. Kg3 Kd3 48. Rf1 Rg2+ 49. Kf4 Ke2 50. Ra1 Rg8 51. Ra2+
Kd3 52. Rh2 Bd7 53. Ke5 Rg5+ 54. Kd6 Bf5 55. f4 Rh5 56. Ke5 Bg4+ 57. Kf6 Ke4
58. Be5 Kf3 59. Kg6 Rf5 60. Rh1 Kg2 61. Rb1 h2 62. Rb2+ Kg3 63. Rb1 Rf8 64.
Kg5 Bf3 65. f5+ Kg2 66. Rb2+ Kf1 67. Bxh2 Be4 68. Kf4 Rxf5+ 69. Ke3 Rf3+ 70.
Kd4 Rd3+ 71. Kc5 Rxc3+ 72. Kd4 Rc4+ 73. Ke5 Rc3 74. Bf4 Rc1 75. Rd2 Ke1 76.
Rd4 Rd1 77. Kd6 Ke2 78. Ke5 Rxd4 79. Kxd4 Kd1 80. Be5 Kc2 81. Bd6 Kb3 82.
Bc5 Ka4 83. Bb6 Kb5 84. Bc5 Kc6 85. Bd6 Bc2 86. Be7 Ba4 87. Bc5 Bb5 88. Ke5
Ba4 89. Kd4 Bb5 90. Bb6 Ba4 91. Ke5 Bb5 92. Kd4 Ba4 93. Ke3 Bb5 94. Kd2 Ba4
95. Kc3 {Black forfeits on time} 1-0

[Event "ICCopen2017"]
[Site "Internet Chess Club"]
[Date "2017.03.26"]
[Round "3"]
[White "RobertoJBM"]
[Black "trianon"]
[Result "1-0"]
[ICCResult "Black forfeits on time"]
[WhiteElo "2766"]
[BlackElo "2304"]
[Opening "Queen's pawn: Yusupov-Rubinstein system"]
[ECO "A46"]
[NIC "QP.06"]
[Time "19:31:52"]
[TimeControl "180+0"]

1. d4 Nf6 2. Nf3 e6 3. e3 c5 4. Bd3 b6 5. O-O Bb7 6. Qe2 Be7 7. b3 O-O 8.
Bb2 cxd4 9. exd4 Nc6 10. a3 a6 11. Nbd2 d5 12. Ne5 Nxe5 13. dxe5 Nd7 14. b4
b5 15. Bd4 Nb6 16. Nb3 Nc4 17. Nc5 Bxc5 18. Bxc5 Re8 19. Bd4 Qc7 20. c3 a5
21. f4 axb4 22. axb4 Rxa1 23. Rxa1 Ra8 24. Rf1 Bc8 25. g4 g6 26. h4 Qe7 27.
Qf2 Ra3 28. Kh2 Rb3 29. Re1 Rb2 30. Re2 Rxe2 31. Bxe2 Qb7 32. Bf3 Qa6 33.
Bg2 Qa1 34. h5 Qd1 35. hxg6 Qxg4 36. gxh7+ Kxh7 37. Bh3 Qh5 38. Kg3 Qg6+ 39.
Kh2 Kg8 40. Bf1 Qh5+ 41. Kg3 Qg6+ 42. Kh3 Qh5+ 43. Kg2 Qg6+ 44. Qg3 Qxg3+
45. Kxg3 Nd2 46. Bd3 Nc4 47. Kf2 Bd7 48. Ke2 Kf8 49. Kf3 Ke7 50. Kg4 Bc8 51.
Kg5 Bd7 52. Kh6 Nb2 53. Be2 Nc4 54. Kg7 {Black forfeits on time} 1-0